Unix NetHack Version 3.7.0-66 Work-in-progress - last build Nov 25 2022 02:21:47 (a67c8fbd212c6e9cfe3af09653023564b5ba1bad,branch:master). Game began 2022-11-29 18:50:28, ended 2022-12-02 19:48:42. maneatingcow, lawful female human Priestess -------- ---------------- ----- |.......# |........|..<..| #....-# ---- ------- |......|# |-------.-.....| #|...|# |..| |.{...| |......|## #...............| ##|...|# |..| |....>| #.......| # #|...[.[........| # |...|# --..## |.....| #|.....(.## #--.----|--------##########....|# # ----.-- #-----.-- # # # )######` ###[#"# -----# # ###### # # # # ##### # ############ # ## ### # # ############## ## # ### # # ### ## # # # ######## # # #--------.--- # ## # -----# # #############%#|.......*..| ---------.----# ##|...|####%#) # # #|..........| |............|# #|....####--.----------# #|..........| |............|# #-.[.| [#|^)e.....h..|###############...........| |............|# |....####|...........|# ##------------ |............|# ----- #..[>a@......|# ## |............-# |....^.......############### -------------- --|---------- # Maneatingcow the Adept St:18 Dx:15 Co:18 In:9 Wi:18 Ch:10 Lawful S:16684 Dlvl:4 $:1842 HP:0(70) Pw:129(136) AC:4 Xp:9/3581 T:14128 Latest messages: The fire ant just misses! You miss the fire ant. The fire ant bites! The fire ant bites! The fire ant bites! The fire ant bites! You're on fire! Your unlabeled scroll catches fire and burns! You hit the fire ant! The fire ant bites! The fire ant bites! You're on fire! What do you want to use or apply? [cfrsuvxDEHLZ or ?*] c In what direction? 4 Status of the fire ant (neutral): Level 4 HP 11(21) AC 3. In what direction? . You feel better. The fire ant bites! The fire ant misses! The fire ant bites! The fire ant bites! You're on fire! Your lamp catches light! Your candle catches light! The fire ant bites! The fire ant bites! You're on fire! You drop 5 blessed darts. Your movements are now unencumbered. You drop 6 darts. You drop a poisoned dart. You drop a runed dagger. You drop 3 blessed daggers. You drop 2 daggers. You drop a leather hat. You drop a +0 visored helmet. You drop a cursed pair of old gloves. The fire ant just misses! The fire ant bites! You're on fire! The fire ant bites! The fire ant bites! You're on fire! Your scroll labeled ZELGO MER catches fire and burns! The fire ant bites! The fire ant bites! You're on fire! You die... Do you want your possessions identified? [ynq] (y) n Do you want to see your attributes? [ynq] (y) q Inventory: Coins $ - 1842 gold pieces Weapons k - 18 +0 daggers (at the ready) a - the rustproof +1 Demonbane (weapon in hand) Armor w - a blessed +1 orcish helm (being worn) F - a +0 small shield (being worn) B - a blessed +1 mummy wrapping q - a +0 studded leather armor (being worn) Comestibles e - a clove of garlic L - 2 cream pies b - 2 food rations z - a partly eaten food ration U - 2 tripe rations p - 2 lizard corpses S - 2 lizard corpses Scrolls X - a scroll of identify y - a scroll of teleportation Rings t - a ring of searching (on left hand) J - a ring of see invisible (on right hand) Wands r - a wand of digging (0:5) s - a wand of magic missile (0:4) v - a wand of opening (0:3) Tools D - a blindfold H - a can of grease (0:15) Z - a lock pick u - an oil lamp (lit) f - a pair of lenses x - a +0 pick-axe c - a stethoscope E - a partly used tallow candle (lit) Gems/Stones l - an opal K - a worthless piece of black glass P - 2 worthless pieces of green glass j - a worthless piece of orange glass d - a worthless piece of violet glass o - 2 worthless pieces of white glass M - a worthless piece of yellow glass G - a worthless piece of yellowish brown glass g - a rock Maneatingcow the Priestess's attributes: Background: You were an Adept, a level 9 human Priestess. You were lawful, on a mission for Issek who was opposed by Mog (neutral) and Kos (chaotic). You were in the Dungeons of Doom, on level 4. You entered the dungeon 14128 turns ago. You had 3581 experience points, 1539 more were needed to attain level 10. Your score was 16684 before end-of-game adjustments. Basics: You had 0 out of 70 hit points. You had 129 out of 136 energy points (spell power). Your armor class was 4. Your wallet contained 1842 zorkmids. Autopickup was off. Final Characteristics: Your strength was 18 (limit:18/100). Your dexterity was 15 (limit:18). Your constitution was 18 (limit:18). Your intelligence was 9 (limit:18). Your wisdom was 18 (limit:18). Your charisma was 10 (limit:18). Final Status: You were not hungry. You were unencumbered. You were wielding a mace. You had expert skill with mace. Final Attributes: You were piously aligned. You were cold resistant. You were poison resistant. You saw invisible. You were telepathic. You had automatic searching. You aggravated monsters. You were warded. You are dead. Miscellaneous: You encountered 2 bones levels. Total elapsed playing time was 3 hours, 5 minutes and 41 seconds. Major events: Turn 1: maneatingcow the lawful human Priestess entered the dungeon 984: attained the rank of Acolyte (level 3) 1672: entered the Gnomish Mines 3540: attained the rank of Adept (level 6) 5278: reached Mine Town 5506: destroyed kroyle's ghost, the former Trailblazer 8127: was bestowed with Demonbane by Issek 14128: killed by a fire ant Vanquished creatures: a ghost 4 small mimics a large dog a tiger 2 elf mummies a soldier a chameleon a giant beetle a quivering blob 2 winter wolf cubs a gremlin 3 iron piercers 2 horses an orc mummy a dwarf mummy 2 owlbears a werewolf 4 lizards 3 dingoes 2 jaguars a dust vortex a gnome mummy an ape 2 rope golems a Woodland-elf a soldier ant a quasit a water nymph 2 Mordor orcs 13 Uruk-hai 2 rock piercers 3 rock moles a pony 4 fog clouds 6 yellow lights 6 gnome leaders 3 gnomish wizards a gray ooze 4 elf zombies a straw golem 2 paper golems 10 giant ants a little dog 3 floating eyes 4 dwarves 2 homunculi a kobold leader 2 kobold shamans 12 hill orcs 12 rothes a rabid rat a giant bat a monkey 5 dwarf zombies a wererat 4 werejackals 6 iguanas 3 killer bees 2 acid blobs 4 coyotes 2 gas spores a hobbit a large kobold 4 hobgoblins 5 giant rats 9 cave spiders 2 yellow molds a green mold a red mold 40 gnomes 5 garter snakes 3 gnome zombies 5 geckos 19 jackals a fox 3 goblins 4 sewer rats 2 grid bugs 2 bats 11 lichens a kobold zombie 9 newts 298 creatures vanquished. No species were genocided or became extinct. Voluntary challenges: You read items or engraved 8 times. You never engraved Elbereth. You never genocided any monsters. You never polymorphed an object. You never changed form. You used no wishes. Achievements: You entered a shop. You attained the rank of Acolyte. You entered the Gnomish Mines. You attained the rank of Adept. You entered Minetown. You entered a temple. The Dungeons of Doom: levels 1 to 6 Level 1: An altar to Issek, a fountain. Level 2: Level 3: A scroll shop, a fountain. Level 4: <- You were here. A fountain. Stairs down to The Gnomish Mines. Final resting place for you, killed by a fire ant. Level 5: Many altars. Level 6: The Gnomish Mines: levels 5 to 10 Level 5: Level 6: Level 7: Many shops, a temple, many fountains, a grave. Final resting place for kroyle-Ran-Elf-Mal-Cha, killed by a tiger. Level 8: Level 9: Level 10: Final resting place for shadowcat-Bar-Hum-Fem-Cha, killed by a soldier. Game over: ---------- / \ / REST \ / IN \ / PEACE \ / \ | maneatingcow | | 1842 Au | | killed by a fire | | ant | | | | | | 2022 | *| * * * | * _________)/\\_//(\/(/\)/\//\/|_)_______ Goodbye maneatingcow the Priestess... You died in The Dungeons of Doom on dungeon level 4 with 16500 points, and 1842 pieces of gold, after 14128 moves. You were level 9 with a maximum of 70 hit points when you died.